AoeStats
← gavinsenaratne

Arabia

509123247Analyzed
3v3 RM · 6d ago on Sep 25, 2026· 48m 5s· 6 players
Game mode
Random Map
Map size
Normal (6 player)
Population
200
Speed
Normal
Resources
Standard
Victory
Conquest
Starting age
Dark Age
Ending age
Imperial Age
RankedLock teamsTeams togetherTeam positionsShared explorationLock speedFull tech treeHidden civsTurbo modeCheats
Victory
Defeat
🇱🇰 Persians · Sri Lanka
844
+14
🇱🇰 Vietnamese · Sri Lanka
819
+15
🇱🇰 Celts · Sri Lanka
696
+21
🇪🇸 Saracens · Spain
814
-17
🇨🇳 Spanish · China
812
-17
🇨🇱 Inca · Chile
782
-16
DonRa
5:59 Loom
9:26 Feudal Age
10:11 Double-Bit Axe
15:17 Forging
15:14 Scale Barding Armor
15:08 Horse Collar
21:36 Castle Age
21:13 Wheelbarrow
21:17 Scale Barding Armor
21:40 Gold Mining
22:32 Bloodlines
22:26 Husbandry
24:11 Chain Barding Armor
24:34 Town Watch
25:18 Stone Mining
26:38 Iron Casting
27:51 Heavy Plow
29:36 Hand Cart
36:47 Imperial Age
37:26 Conscription
37:11 Kamandaran
37:20 Fletching
37:30 Padded Archer Armor
37:00 Crossbowman
39:23 Plate Barding Armor
39:49 Blast Furnace
38:45 Bodkin Arrow
40:07 Thumb Ring
39:47 Cavalier
45:36 Leather Archer Armor
44:52 Light Cavalry
46:30 Bow Saw
46:54 Crop Rotation
46:17 Hussar
gavinsenaratne
4:33 Loom
10:25 Feudal Age
13:45 Double-Bit Axe
21:32 Castle Age
21:06 Stone Mining
22:19 Wheelbarrow
26:35 Forging
26:26 Scale Mail Armor
28:20 Iron Casting
34:35 Imperial Age
32:47 Bow Saw
35:48 Pikeman
36:14 Gambesons
36:15 Arson
37:34 Blast Furnace
36:49 Chain Mail Armor
36:50 Halberdier
38:19 Conscription
38:43 Hoardings
38:02 Stronghold
40:12 Elite Woad Raider
40:25 Man-at-Arms
40:59 Long Swordsman
41:51 Two-Handed Swordsman
44:01 Hand Cart
47:31 Spies/Treason
DinethH
11:19 Feudal Age
12:14 Double-Bit Axe
14:59 Fletching
21:53 Castle Age
20:02 Padded Archer Armor
19:55 Gold Mining
20:28 Horse Collar
21:56 Crossbowman
22:37 Bodkin Arrow
23:25 Thumb Ring
25:54 Bow Saw
26:18 Loom
26:27 Town Watch
27:19 Wheelbarrow
27:20 Stone Mining
34:45 Hand Cart
35:09 Ballistics
38:15 Imperial Age
38:59 Arbalester
40:03 Bracer
40:20 Leather Archer Armor
41:11 Chemistry
43:15 Murder Holes
43:01 Treadmill Crane
45:17 Spies/Treason
#iNFANTES6#
3:27 Loom
10:57 Feudal Age
12:58 Double-Bit Axe
17:34 Castle Age
15:43 Horse Collar
16:52 Double-Bit Axe
17:10 Stone Mining
19:58 Fletching
20:23 Forging
20:26 Bow Saw
22:02 Wheelbarrow
24:15 Town Watch
27:54 Husbandry
28:04 Bloodlines
28:13 Scale Barding Armor
28:40 Hand Cart
30:16 Iron Casting
32:21 Chain Barding Armor
32:56 Fletching
36:37 Imperial Age
Perro178
7:23 Loom
13:36 Feudal Age
14:20 Horse Collar
14:28 Double-Bit Axe
14:36 Gold Mining
16:03 Stone Mining
19:52 Fletching
26:42 Castle Age
25:39 Padded Archer Armor
27:11 Forging
26:46 Crossbowman
33:20 Heavy Plow
36:34 Bow Saw
35:58 Pikeman
47:36 Imperial Age
47:45 Imperial Age
Klaus
0:42 Loom
13:41 Feudal Age
15:04 Town Watch
18:50 Horse Collar
24:45 Castle Age
30:14 Double-Bit Axe
31:58 Padded Archer Armor
31:50 Fletching
32:07 Heavy Plow
32:04 Gold Mining
Connection lost

Rejoining the realm…

Still unreachable

The connection could not be restored.

Session expired

The server has moved on; the page needs a fresh start.